 Dungeon Crawl Stone Soup version 0.22-a0-609-gfedc9ff (webtiles) character file.

338 Hebeh the Magician (level 6, -7/32 HPs)
             Began as a Deep Elf Fire Elementalist on July 10, 2018.
             Was an Initiate of Vehumet.
             Shot with an arrow by a centaur (15 damage)
             ... on level 5 of the Dungeon.
             The game lasted 00:23:35 (4013 turns).

Hebeh the Magician (Deep Elf Fire Elementalist)     Turns: 4013, Time: 00:23:36

Health: -7/32      AC:  2    Str:  6    XL:     6   Next: 29%
Magic:  11/15      EV: 13    Int: 21    God:    Vehumet [......]
Gold:   153        SH:  0    Dex: 15    Spells: 8/15 levels left

rFire    + . .     SeeInvis .   b - +0 hunting sling
rCold    . . .     Gourm    .   (no shield)
rNeg     . . .     Faith    .   d - +0 robe
rPois    .         Spirit   .   (no helmet)
rElec    .         Reflect  .   k - scarf {cloud immunity}
rCorr    .         Harm     .   (no gloves)
MR       .....                  (no boots)
Stlth    ++........             (no amulet)
HPRegen  0.10/turn              w - ring of protection from fire
MPRegen  0.14/turn              (no ring)

@: no status effects
A: no striking features
a: Renounce Religion


You were on level 5 of the Dungeon.
You worshipped Vehumet.
Vehumet was noncommittal.
You were not hungry.

You visited 1 branch of the dungeon, and saw 5 of its levels.

You collected 153 gold pieces.

Inventory:

Hand Weapons
 a - a +1 whip
 b - a +0 hunting sling (weapon)
Missiles
 g - 60 stones
 h - 5 javelins
 o - 92 sling bullets (quivered)
Armour
 d - a +0 robe (worn)
 k - a scarf of cloud immunity (worn)
 y - a +2 cloak
Jewellery
 v - a cursed amulet of inaccuracy
 w - a ring of protection from fire (left hand)
Wands
 s - a wand of flame (28)
Scrolls
 f - 2 scrolls of fear
 i - 2 scrolls of teleportation
 n - 11 scrolls of identify
 q - a scroll of enchant weapon
 z - a scroll of remove curse {unknown}
Potions
 e - a potion of resistance {unknown}
 j - a potion of cancellation {unknown}
 l - 2 potions of berserk rage {unknown}
 m - 2 potions of might {unknown}
 p - 4 potions of heal wounds {unknown}
 r - a potion of agility {unknown}
 t - a potion of magic {unknown}
 x - 2 potions of haste {unknown}
 A - a potion of curing {unknown}
Comestibles
 c - 6 rations
 u - 3 chunks of flesh


   Skills:
 - Level 2.8 Dodging
 - Level 2.9 Stealth
 + Level 5.2 Spellcasting
 * Level 4.4 Conjurations
 + Level 4.8 Fire Magic


You had 8 spell levels left.
You knew the following spells:

 Your Spells              Type           Power        Failure   Level  Hunger
a - Flame Tongue          Conj/Fire      ####.        1%          1    None
b - Magic Dart            Conj           ###.         1%          1    None
c - Conjure Flame         Conj/Fire      ####....     4%          3    ##.....
d - Throw Flame           Conj/Fire      ####..       2%          2    None

Your spell library contained the following spells:

 Spells                   Type           Power        Failure   Level  Hunger
 Fireball                 Conj/Fire      ####......   41%         5    #####..
 Slow                     Hex            #.......     16%         2    None
 Mephitic Cloud           Conj/Pois/Air  ##......     17%         3    ##.....
 Blink                    Tloc           N/A          16%         2    None
 Sticky Flame             Conj/Fire      ####....     16%         4    ####...
 Call Imp                 Summ           #.......     16%         2    None
 Inner Flame              Hex/Fire       ###.....     12%         3    ##.....


Dungeon Overview and Level Annotations

Branches:
Dungeon (5/15)
 Temple: D:4-7

Altars:
Kikubaaqudgha
Vehumet
Xom

Annotations:
D:3 1 runed door, EnegeticOcto's ghost, amateur HOFi


Message History

Aim: a centaur, wielding a shortbow (lightly wounded)
The magic dart hits the centaur.
The centaur is moderately wounded.
The centaur shoots an arrow.
The arrow closely misses you.
The centaur shoots an arrow.
The arrow closely misses you.
The centaur shoots an arrow.
The arrow barely misses you.
The centaur shoots an arrow.
The arrow closely misses you.
The centaur shoots an arrow.
The arrow hits you!
* * * LOW HITPOINT WARNING * * *
You see here 3 arrows.
The centaur shoots an arrow.
The arrow barely misses you.
Casting: Magic Dart (safe; 1% risk of failure)
Confirm with . or Enter, or press ? or * to list all spells.
Aiming: Flame Tongue (safe; 1% risk of failure)
Press: ? - help, Shift-Dir - straight line, f/p - centaur
Aim: a centaur, wielding a shortbow (moderately wounded)
The flame tongue hits the centaur.
The centaur is moderately wounded.
The centaur shoots an arrow.
The arrow hits you!
You die...

### #### ####..
... ..##.# #(##
#.##.# ##
###(####.#.
###.##.##
#.##((........
........
#.#.c....c...
#..##.#
#...#####.#.
#..##.#######..##
..
##.....#........@#
...........#.#...#
##.###.#.#..#....#
##.#
#.......#...#####
##.#
###.#............
##.#
#.###.#.#.#####
##.# #.# ###....#
...# #.#######..#
#### #..........#


You could see a centaur.

Vanquished Creatures
  An ogre (D:4)
  A howler monkey (D:5)
  An orc priest (D:3)
  3 worker ants
  4 adders
  A shadow imp (D:4)
  An adder zombie (D:5)
  2 worms
  3 dart slugs
  A leopard gecko (D:2)
  4 orcs
  A giant cockroach (D:1)
  6 goblins
  4 hobgoblins
  8 jackals (D:1)
  6 kobolds
  2 ball pythons
  8 bats
  4 frilled lizards
  8 rats
69 creatures vanquished.

Notes
Turn   | Place    | Note
-------+----------+-------------------------------------------
     0 | D:1      | Hebeh the Deep Elf Fire Elementalist began the quest for the Orb.
     0 | D:1      | Reached XP level 1. HP: 10/10 MP: 6/6
   257 | D:1      | Reached XP level 2. HP: 15/15 MP: 8/8
   861 | D:2      | Learned a level 1 spell: Magic Dart
   887 | D:2      | Reached XP level 3. HP: 19/19 MP: 4/9
  1846 | D:3      | Reached XP level 4. HP: 24/24 MP: 5/11
  1895 | D:3      | Found a runed door.
  2024 | D:3      | Reached skill level 4 in Spellcasting
  2136 | D:3      | Found an ancient bone altar of Kikubaaqudgha.
  2311 | D:3      | Learned a level 2 spell: Throw Flame
  2315 | D:3      | Learned a level 3 spell: Conjure Flame
  2507 | D:3      | Found a shimmering altar of Xom.
  3011 | D:3      | Noticed EnegeticOcto's ghost (amateur HOFi)
  3235 | D:4      | Found a radiant altar of Vehumet.
  3244 | D:4      | Became a worshipper of Vehumet
  3253 | D:4      | Reached XP level 5. HP: 25/28 MP: 7/13
  3658 | D:4      | Noticed an ogre
  3665 | D:4      | Killed an ogre
  3837 | D:5      | Entered Level 5 of the Dungeon
  3854 | D:5      | Reached skill level 5 in Spellcasting
  3854 | D:5      | Reached XP level 6. HP: 32/32 MP: 12/15
  4013 | D:5      | Shot with an arrow by a centaur

Vault maps used:
D:1:      eino_arrival_tree_alley, minmay_heptomino_d4
D:3:      kiku_gazebo_pond_becter, lemuel_crystal_altar, ebering_ghost_sewer_d
D:4:      old_standard_altar, first_ration
D:5:      grunt_gozag_breadcrumbs, zin_statuary, temple_hall, st_stairs_6,
          tso_altar

Skill      XL: |  1  2  3  4  5 |
---------------+----------------+-----
Conjurations   | 2 3 4 |  4.4
Fire Magic     | 4 |  4.8
Spellcasting   | 4 5 |  5.2
Dodging        | |  2.8
Stealth        | |  2.9

Action                   |  1- 3 |  4- 6 || total
-------------------------+-------+-------++-------
Melee: Whip              |     8 |       ||     8
 Fire: Hunting sling     |     6 |     2 ||     8
Throw: Stone             |     8 |       ||     8
 Cast: Flame Tongue      |    63 |    35 ||    98
       Magic Dart        |    28 |    50 ||    78
       Conjure Flame     |       |     4 ||     4
  Use: Scroll            |     2 |     6 ||     8
  Eat: Chunk             |     3 |     6 ||     9
Armor: Robe              |     7 |     1 ||     8
Dodge: Dodged            |    18 |    11 ||    29

Table legend:
 A = Spawn XP
 B = Non-spawn XP
 C = Spawn XP percentage of total XP
 D = Spawn monster count
 E = Non-spawn monster count
 F = Spawn count percentage of total count
 G = Total turns spent on level
                    A         B        C        D         E        F      G
               +---------+---------+-------+---------+---------+-------+---------
         Total |       0 |     483 |   0.0 |       0 |      69 |   0.0 |  4013
               +---------+---------+-------+---------+---------+-------+---------
           D:1 |       0 |      31 |   0.0 |       0 |      19 |   0.0 |   713
           D:2 |       0 |      57 |   0.0 |       0 |      24 |   0.0 |  1027
           D:3 |       0 |      86 |   0.0 |       0 |      16 |   0.0 |  1416
           D:4 |       0 |     202 |   0.0 |       0 |       6 |   0.0 |   681
           D:5 |       0 |     107 |   0.0 |       0 |       4 |   0.0 |   176
               +---------+---------+-------+---------+---------+-------+---------
